 Dungeon Crawl Stone Soup version 0.16.0-17-g811c1d7 (webtiles) character file.

3431 maniek23 the Covert (level 9, -20/64 HPs)
             Began as a Vampire Enchanter on Mar 20, 2015.
             Was a Follower of Sif Muna.
             Hit by a large rock thrown by a cyclops (42 damage)
             ... on level 11 of the Dungeon.
             The game lasted 00:44:33 (6840 turns).

maniek23 the Covert (Vampire Enchanter)             Turns: 6840, Time: 00:44:33

Health: -20/64     AC:  4    Str:  9    XL:     9   Next: 77%
Magic:  21/21      EV: 15    Int: 20    God:    Sif Muna [*.....]
Gold:   295        SH:  0    Dex: 15    Spells: 5 memorised, 5 levels left

rFire  . . .     SeeInvis +     U - +4 dagger (chaos)
rCold  . . .     Clarity  +     b - +1 robe
rNeg   + . .     SustAb   .     (no shield)
rPois  .         Gourm    .     R - +0 helmet
rElec  .         Spirit   .     (no cloak)
rCorr  .         Warding  .     (no gloves)
rMut   .         Rnd*Tele +     (no boots)
MR     .....                    L - amulet of clarity
Stlth  ++++++....               J - +3 ring of intelligence
                                e - ring of teleportation (curse)

@: not resistant to hostile enchantments, very stealthy
A: bottle blood, fangs 3, see invisible, unbreathing
a: Bat Form, Channel Energy, Renounce Religion, Evoke Teleportation


You were on level 11 of the Dungeon.
You worshipped Sif Muna.
Sif Muna was aware of your devotion.
You were not thirsty.

You visited 2 branches of the dungeon, and saw 10 of its levels.

You collected 387 gold pieces.
You spent 92 gold pieces at shops.

Inventory:

Hand weapons
 s - a +3 short sword
 u - a +2 rapier of venom
 E - a +0 short sword of freezing
 K - the +5 bardiche of Smessec {freeze, rElec rPois rF- Dex+5}
   (You found it on level 5 of the Dungeon)

   It has been specially enchanted to freeze those struck by it, causing extra
   injury to most foes and up to half again as much damage against particularly
   susceptible opponents.
   It can also slow down cold-blooded creatures.
   It affects your dexterity (+5).
   It makes you vulnerable to fire.
   It insulates you from electricity.
   It protects you from poison.
 U - a +4 dagger of chaos (weapon)
 W - a +3 dagger of speed
 Z - a +2 short sword of electrocution
Missiles
 j - 2 tomahawks of dispersal (quivered)
 Q - 2 throwing nets
Armour
 b - a +1 robe (worn)
 H - a +3 ring mail of fire resistance
 R - a +0 helmet (worn)
 T - a +0 cloak
Jewellery
 e - a cursed ring of teleportation (left hand)
 k - an uncursed ring of stealth
 r - an uncursed amulet of guardian spirit
 w - an uncursed ring of wizardry
 I - an uncursed ring of protection from cold
 J - a +3 ring of intelligence (right hand)
 L - an amulet of clarity (around neck)
 O - an uncursed ring of protection from fire
Magical devices
 q - a wand of teleportation (3)
 x - a wand of magic darts (41)
Scrolls
 f - a scroll of magic mapping {unknown}
 h - 8 scrolls of identify
 i - 8 scrolls of teleportation {unknown}
 l - 2 scrolls of noise {unknown}
 n - a scroll of enchant weapon {unknown}
 p - 2 scrolls of recharging {unknown}
 y - 2 scrolls of blinking {unknown}
 A - 3 scrolls of enchant armour {unknown}
 B - 5 scrolls of remove curse {unknown}
 C - 4 scrolls of amnesia
 S - a scroll of fear {unknown}
 Y - a scroll of fog {unknown}
Potions
 d - 9 potions of blood
 m - 3 potions of curing
 v - a potion of restore abilities {unknown}
 z - a potion of ambrosia
 D - a potion of brilliance {unknown}
 F - a potion of agility {unknown}
 G - a potion of poison {unknown}
 N - 3 potions of mutation
 P - a potion of magic {unknown}
 X - 2 potions of cancellation {unknown}
Books
 c - a book of Maledictions

   Spells                             Type                      Level
   a - Corona                         Hexes                        1
   b - Sure Blade                     Hexes/Charms                 2
   c - Ensorcelled Hibernation        Hexes/Ice                    2
   d - Confuse                        Hexes                        3
   e - Dazzling Spray                 Conjuration/Hexes            3
   f - Enslavement                    Hexes                        4
 o - a book of Beasts

   Spells                             Type                      Level
   a - Summon Butterflies             Summoning                    1
   b - Call Canine Familiar           Summoning                    3
   c - Summon Ice Beast               Ice/Summoning                4
   d - Summon Mana Viper              Hexes/Summoning              5
   e - Monstrous Menagerie            Summoning                    6
   f - Summon Hydra                   Summoning                    7
 M - a Young Poisoner's Handbook

   Spells                             Type                      Level
   a - Sting                          Conjuration/Poison           1
   b - Cure Poison                    Poison                       2
   c - Mephitic Cloud                 Conjuration/Poison/Air       3
   d - Olgreb's Toxic Radiance        Poison                       4
   e - Venom Bolt                     Conjuration/Poison           5


   Skills:
 * Level 3.6 Fighting
 + Level 3.4 Short Blades
 + Level 2.1 Polearms
 + Level 0.2 Throwing
 + Level 5.5 Dodging
 * Level 13.1 Stealth
 + Level 5.1 Spellcasting
 + Level 0.1 Conjurations
 * Level 8.8 Hexes
 * Level 3.0 Ice Magic


You had 5 spell levels left.
You knew the following spells:

 Your Spells              Type           Power        Failure   Level  Hunger
a - Corona                Hex            #####..      1%          1    None
b - Confuse               Hex            #####...     1%          3    ##.....
c - Ensorcelled Hibernat  Hex/Ice        ####..       1%          2    None
d - Dazzling Spray        Conj/Hex       ###.....     8%          3    ##.....
e - Enslavement           Hex            #####...     3%          4    ####...


Dungeon Overview and Level Annotations

Branches:
Dungeon (11/15)            Temple (1/1) D:5            Lair (0/8) D:11
    Orc: D:9-12

Altars:
Ashenzari
Cheibriados
Dithmenos
Elyvilon
Fedhas
Gozag
Kikubaaqudgha
Makhleb
Nemelex Xobeh
Okawaru
Qazlal
Ru
Sif Muna
Trog
Vehumet
Xom
Yredelemnul
Zin
The Shining One

Shops:
D:4 (}[


Innate Abilities, Weirdness & Mutations

You can bottle blood from corpses.
You have razor-sharp teeth.
You have supernaturally acute eyesight.
You can survive without breathing.


Message History

As you read the scroll of random uselessness, it crumbles to dust.
You hear a voice calling someone else's name.
Read which item? (? for menu, Esc to quit)
Identify which item? (\ to view known items) (? for menu, Esc to quit)
As you read the scroll of identify, it crumbles to dust.
C - 4 scrolls of amnesia Read which item? (? for menu, Esc to quit)
Identify which item? (\ to view known items) (? for menu, Esc to quit)
As you read the scroll of identify, it crumbles to dust.
z - a potion of ambrosia Your surroundings suddenly seem different.
A cyclops comes into view.
The cyclops shouts!
The cyclops throws a large rock.
The large rock hits you!!
Ouch! That really hurt!
Found a bardiche and 26 gold pieces. 2 kobolds, a big kobold and a deep elf mage come into view.
The cyclops throws a large rock.
The large rock hits you!!!
Ouch! That really hurt!
You die...

#... #.#..# #...
#.#... #..
######.#..###
...........$...
.........^.....
............K$.
.................
#C............K
#.e.##@#.###.#K
#....)...#
#...##.#.# #..
#.#.# #..#. #.. .
#..# ... ## #..#
... #..# #..$
#..# #..


You could see a cyclops and 2 kobolds.

Vanquished Creatures
  The ghost of Noname the Cutter, an experienced VSWn of Ru (D:6)
  Grinder (D:4)
  A two-headed ogre (D:8)
  A hippogriff (D:7)
  An orc warrior (D:11)
  4 phantoms
  An ogre (D:5)
  A sky beast (D:5)
  3 giant frogs
  Blork the orc (D:4)
  3 orc wizards
  A killer bee (D:8)
  4 scorpions
  9 wights (D:6)
  An electric eel (D:7)
  2 crimson imps
  2 jellies (D:8)
  A quasit (D:7)
  A giant frog zombie (D:6)
  2 orc priests
  3 hounds (D:4)
  A centaur skeleton (D:5)
  An iguana (D:6)
  5 worker ants
  Ijyb (D:2)
  2 hound skeletons
  11 gnolls
  9 adders
  A shadow imp (D:8)
  A worm (D:5)
  2 adder skeletons
  5 giant geckos
  An ooze (D:1)
  24 orcs
  A ball python (D:1)
  14 bats
  A bat zombie (D:8)
  4 giant cockroaches
  4 goblins
  14 hobgoblins
  14 jackals
  13 kobolds
  2 quokkas
  A giant gecko skeleton (D:5)
  A giant gecko zombie (D:3)
  4 giant newts
  A giant spore (D:8)
  19 rats
  A rat zombie (D:4)
202 creatures vanquished.

Vanquished Creatures (collateral kills)
  2 killer bees (D:8)
  An orc priest (D:7)
  An orc wizard (D:7)
  A hobgoblin (D:7)
5 creatures vanquished.

Vanquished Creatures (others)
  2 killer bees (D:8)
  An orc priest (D:8)
3 creatures vanquished.

Grand Total: 210 creatures vanquished

Notes
Turn   | Place    | Note
--------------------------------------------------------------
     0 | D:1      | maniek23, the Vampire Enchanter, began the quest for the Orb.
     0 | D:1      | Reached XP level 1. HP: 13/13 MP: 3/3
   113 | D:1      | Reached XP level 2. HP: 10/19 MP: 4/4
   269 | D:1      | Reached skill level 5 in Stealth
   651 | D:1      | Reached XP level 3. HP: 21/24 MP: 6/6
  1199 | D:2      | Learned a level 3 spell: Confuse
  1219 | D:2      | Noticed Ijyb
  1228 | D:2      | Killed Ijyb
  1282 | D:2      | Found a basalt altar of Yredelemnul.
  1286 | D:2      | Reached skill level 6 in Stealth
  1286 | D:2      | Reached XP level 4. HP: 23/31 MP: 7/7
  1456 | D:2      | Reached skill level 5 in Hexes
  1871 | D:3      | Reached XP level 5. HP: 36/36 MP: 3/9
  2433 | D:3      | Reached skill level 1 in Fighting
  2637 | D:4      | Reached skill level 7 in Stealth
  2660 | D:4      | Noticed a phantom
  2670 | D:4      | Found Niejoxep's Antique Armour Shoppe.
  2702 | D:4      | Killed a phantom
  2702 | D:4      | Reached XP level 6. HP: 8/43 MP: 1/13
  2943 | D:4      | Noticed Grinder
  2945 | D:4      | Noticed Blork the orc
  2962 | D:4      | Killed Blork the orc
  2968 | D:4      | Killed Grinder
  2968 | D:4      | Reached skill level 8 in Stealth
  2968 | D:4      | Reached XP level 7. HP: 48/48 MP: 6/15
  2974 | D:4      | Found Arikhion's Weapon Boutique.
  2985 | D:4      | Found Sufaw's Gadget Shop.
  3232 | D:4      | Bought a runed ring mail for 92 gold pieces
  3358 | D:4      | Found an ancient bone altar of Kikubaaqudgha.
  3529 | D:5      | Entered Level 5 of the Dungeon
  3552 | D:5      | Reached skill level 9 in Stealth
  3606 | D:5      | Learned a level 2 spell: Ensorcelled Hibernation
  3633 | D:5      | Found a glowing silver altar of Zin.
  3644 | D:5      | Got an ancient bardiche
  3645 | D:5      | Identified the +5 bardiche of Smessec {freeze, rElec rPois rF- Dex+5} (You found it on level 5 of the Dungeon)
  3656 | D:5      | Found a shattered altar of Ashenzari.
  3692 | D:5      | Found a staircase to the Ecumenical Temple.
  3704 | Temple   | Entered the Ecumenical Temple
  3761 | Temple   | Became a worshipper of Sif Muna the Loreminder
  4039 | D:5      | Reached XP level 8. HP: 50/54 MP: 14/18
  4267 | D:5      | Found a sacrificial altar of Ru.
  4401 | D:6      | Reached skill level 10 in Stealth
  4406 | D:6      | Reached skill level 1 in Polearms
  4406 | D:6      | Reached skill level 5 in Dodging
  4544 | D:6      | Reached skill level 1 in Ice Magic
  4719 | D:6      | Noticed Noname's ghost (experienced VSWn)
  4728 | D:6      | Killed Noname's ghost
  4728 | D:6      | Reached skill level 11 in Stealth
  4835 | D:6      | HP: 2/57 [orc warrior/hand axe (16)]
  5179 | D:6      | Reached XP level 9. HP: 53/62 MP: 14/20
  5287 | D:6      | Learned a level 3 spell: Dazzling Spray
  5292 | D:6      | Learned a level 4 spell: Enslavement
  5583 | D:7      | Reached skill level 12 in Stealth
  5651 | D:7      | Acquired Sif Muna's first power
  5681 | D:7      | Found an opulent altar of Gozag.
  5744 | D:7      | Found a shimmering altar of Xom.
  6570 | D:8      | Reached skill level 13 in Stealth
  6570 | D:8      | Reached skill level 5 in Spellcasting
  6682 | D:8      | You fall through a shaft for 3 floors!
  6682 | D:11     | Found a staircase to the Lair.
  6682 | D:11     | Noticed a death yak
  6682 | D:11     | Noticed a komodo dragon
  6698 | D:11     | Noticed a hill giant
  6839 | D:11     | Noticed a cyclops
  6840 | D:11     | Hit by a large rock thrown by a cyclops

Action                   |  1- 3 |  4- 6 |  7- 9 || total
-------------------------+-------+-------+-------++-------
Melee: Dagger            |    83 |    21 |    26 ||   130
       Short sword       |       |    49 |    65 ||   114
       Rapier            |       |    59 |    30 ||    89
       Bardiche          |       |       |    74 ||    74
Throw: Throwing net      |       |       |     2 ||     2
 Cast: Corona            |     3 |     9 |       ||    12
       Confuse           |     2 |    14 |    18 ||    34
       Ensorcelled Hiber |       |       |    26 ||    26
       Dazzling Spray    |       |       |     7 ||     7
       Enslavement       |       |       |     4 ||     4
 Abil: Evoke Teleportati |     1 |       |     1 ||     2
       End Transformatio |       |       |     4 ||     4
       Bat Form          |       |       |     4 ||     4
  Use: Potion            |       |     1 |     3 ||     4
       Scroll            |       |       |     7 ||     7
 Stab: Sleeping          |    10 |    16 |    41 ||    67
       Confused          |     1 |     5 |     8 ||    14
       Distracted        |       |       |     3 ||     3
       Paralysed         |       |       |     1 ||     1
  Eat: Corpse            |     5 |     2 |     7 ||    14
